 Dungeon Crawl Stone Soup version 0.29.1-2-gbd0b4ee654 (webtiles) character file.

Game seed: 10211642401068261554

2025 xian the Shield-Bearer (level 9, 0/54 HPs)
             Began as a Gargoyle Fighter on Nov 7, 2022.
             Was a Believer of Okawaru.
             Killed by divine providence
             ... invoked by an orc priest
              (12 damage)
             ... on level 8 of the Dungeon.
             The game lasted 00:20:21 (9169 turns).

xian the Shield-Bearer (Gargoyle Fighter)           Turns: 9169, Time: 00:20:21

Health: 0/54       AC: 22    Str: 24    XL:     9   Next: 23%
Magic:  9/9        EV:  8    Int: 15    God:    Okawaru [**....]
Gold:   446        SH: 14    Dex: 13    Spells: 8/8 levels left

rFire   . . .      SeeInvis .   y - +7 falchion of Success {flame, rPois rCorr Dex+2}
rCold   . . .      Faith    .   q - +0 tower shield
rNeg    + . .      Spirit   .   Q - quicksilver dragon scales
rPois   ∞          Reflect  .   r - +0 helmet
rElec   +          Harm     .   J - +2 cloak of Repulsion {Will++ Dex+2}
rCorr   +          Rampage  .   (no gloves)
Will    +++..                   (no boots)
Stlth   +.........              (no amulet)
HPRegen 0.18/turn               i - +6 ring of intelligence
MPRegen 0.11/turn               N - ring of flight

@: flying
A: sickness immunity, AC +6, negative energy resistance 1, electricity
resistance, torment resistance 1, petrification resistance
a: Renounce Religion, Heroism


You were on level 8 of the Dungeon.
You worshipped Okawaru.
Okawaru was pleased with you.
You visited 2 branches of the dungeon, and saw 9 of its levels.

You collected 446 gold pieces.

Inventory:

Hand Weapons
 y - the +7 falchion of Success (weapon) {flame, rPois rCorr Dex+2}
   (You found it on level 4 of the Dungeon)

   It burns those it strikes, dealing additional fire damage.
   Big, fiery blades are also staple armaments of hydra-hunters.
   Dex:       It affects your dexterity (+2).
   rPois:     It protects you from poison.
   rCorr:     It protects you from acid and corrosion.
Missiles
 b - 2 poisoned darts (quivered)
 e - 41 stones
 F - 5 javelins
 I - a throwing net
 P - 2 boomerangs
Armour
 k - a scarf of shadows
 q - a +0 tower shield (worn)
 r - a +0 helmet (worn)
 J - the +2 cloak of Repulsion (worn) {Will++ Dex+2}
   (You found it on level 6 of the Dungeon)

   Dex:       It affects your dexterity (+2).
   Will:      It greatly increases your willpower.
 M - a +0 plate armour
 Q - quicksilver dragon scales (worn)
Magical Staves
 w - a staff of earth
Jewellery
 i - a +6 ring of intelligence (left hand)
 G - a ring of magical power
 N - a ring of flight (right hand)
Wands
 c - a wand of flame (25)
 A - a wand of roots (8)
 K - a wand of quicksilver (6)
Scrolls
 a - 4 scrolls of enchant armour {unknown}
 j - a scroll of fog {unknown}
 l - a scroll of teleportation
 o - 3 scrolls of torment
 p - a scroll of enchant weapon
 x - 4 scrolls of identify
 B - a scroll of vulnerability {unknown}
 C - a scroll of brand weapon {unknown}
 D - a scroll of amnesia {unknown}
 H - 2 scrolls of immolation {unknown}
 L - a scroll of noise {unknown}
Potions
 d - a potion of might
 f - 3 potions of lignification
 g - 2 potions of curing
 h - 2 potions of invisibility
 m - 2 potions of mutation {unknown}
 n - 2 potions of haste {unknown}
 t - a potion of berserk rage {unknown}
 u - 3 potions of brilliance {unknown}
 v - a potion of magic {unknown}
 z - 3 potions of attraction {unknown}
 E - 2 potions of degeneration {unknown}
 O - a potion of flight {unknown}


   Skills:
 + Level 5.5 Fighting
 + Level 4.4 Long Blades
 + Level 5.0 Maces & Flails
 + Level 1.4 Throwing
 + Level 6.4 Armour
 + Level 2.1 Dodging
 + Level 1.0 Stealth
 + Level 7.2 Shields


You had 8 spell levels left.
You didn't know any spells.
Your spell library contained the following spells:

 Spells                   Type           Power      Damage    Failure   Level
 Confusing Touch          Hex            0%         N/A       100%        3
 Gell's Gravitas          Tloc           0%         N/A       100%        3
 Teleport Other           Tloc           0%         N/A       100%        3
 Yara's Violent Unravell  Hex/Tmut       0%         3d3       100%        5
 Dispersal                Tloc           0%         N/A       100%        6
 Enfeeble                 Hex            0%         N/A       100%        7
 Disjunction              Tloc           0%         N/A       100%        8


Dungeon Overview and Level Annotations

Branches:
Dungeon (8/15)             Temple (1/1) D:4
   Lair: D:8-11

Altars:
Cheibriados
Dithmenos
Elyvilon
Fedhas
Hepliaklqana
Kikubaaqudgha
Okawaru
Qazlal
Ru
Sif Muna
Trog
Uskayaw
Wu Jian
Xom
Zin
The Shining One

Shops:
D:1 !   D:3 (

Annotations:
D:6 1 transporter
D:8 1 runed translucent door


Innate Abilities, Weirdness & Mutations

You are immune to sickness and miasma.
Your stone body is resilient. (AC +6)
You are immune to poison.
You resist negative energy. (rN+)
You are resistant to electric shocks. (rElec)
You are resistant to unholy torment.
You are immune to petrification.


Message History

You hit the orc priest but do no damage.
The kobold hits you but does no damage. You block the kobold brigand's attack.
The orc priest barely misses you.
You closely miss the orc priest. The kobold hits you but does no damage.
You block the kobold brigand's attack.
The orc priest hits you with a +0 flail.
Unknown command.
You hit the orc priest. You burn the orc priest.
The orc priest is moderately wounded.
You block the kobold's attack. The kobold brigand barely misses you.
The orc priest hits you but does no damage.
You block the kobold brigand's attack. The kobold hits you but does no damage.
The orc priest hits you but does no damage.
You closely miss the orc priest.
The orc priest is moderately wounded.
The kobold hits you but does no damage. You block the kobold brigand's attack.
You block the orc priest's attack.
Unknown command.
You hit the orc priest. You burn the orc priest.
The orc priest is almost dead.
You block the kobold's attack. You block the kobold brigand's attack.
The orc priest invokes the aid of Beogh against you.
Beogh smites you!
Unknown command.
You barely miss the orc priest.
The orc priest is almost dead.
The kobold hits you but does no damage.
The kobold brigand hits you but does no damage.
The orc priest calls down the wrath of Beogh upon you.
Beogh smites you!
* * * LOW HITPOINT WARNING * * *
You block the kobold brigand's attack. You block the kobold's attack.
The orc priest hits you with a +0 flail.
* * * LOW HITPOINT WARNING * * *
You feel better. The kobold barely misses you.
The kobold brigand hits you with a +0 whip.
* * * LOW HITPOINT WARNING * * *
The orc priest mumbles some strange prayers to Beogh against you.
Beogh smites you!
You die...

## # #. .#
###.####.
.....$.. # .....#
..# #.
#.#..###...#
#.###.#.o@K..^.#
#........K######
#...#.#...#
...##.##..####
..###......#
##..##......# #
##.[###......# #.
#..##.##.#...# #.
###..#.#..#.....#


You could see a kobold brigand, an orc priest and a kobold.

Vanquished Creatures
  2 yaks (D:7)
  Eustachio (D:5)
  A steam dragon (D:6)
  Menkaure (D:4)
  An ice beast (D:6)
  2 ogres
  A kobold brigand (D:6)
  A bullfrog (D:8)
  3 scorpions
  2 necrophages
  A wight (D:8)
  A jelly (D:5)
  3 orc priests
  A gnoll bouda (D:6)
  2 hounds (D:5)
  An iguana (D:5)
  2 orc wizards
  6 gnolls
  Robin (D:2)
  8 adders
  A shadow imp (D:6)
  A white imp (D:7)
  2 ufetubi (D:6)
  6 worms
  4 dart slugs
  20 orcs
  9 endoplasms
  4 giant cockroaches
  12 hobgoblins
  4 jackals (D:1)
  10 kobolds
  2 quokkas
  5 ball pythons
  11 bats
  6 frilled lizards
  17 goblins
  6 rats
  2 bushes (D:6)
163 creatures vanquished.

Vanquished Creatures (others)
  13 plants (D:6)
13 creatures vanquished.

Grand Total: 176 creatures vanquished

Notes
Turn   | Place    | Note
-------+----------+-------------------------------------------
     0 | D:1      | xian the Gargoyle Fighter began the quest for the Orb.
     0 | D:1      | Reached XP level 1. HP: 14/14 MP: 1/1
   173 | D:1      | Reached XP level 2. HP: 13/19 MP: 2/2
   312 | D:1      | Found Aricikeg's Distillery.
   324 | D:1      | Found a faded altar of an unknown god.
   726 | D:1      | Reached XP level 3. HP: 23/23 MP: 3/3
  1394 | D:2      | Noticed Robin
  1413 | D:2      | Killed Robin
  1414 | D:2      | Reached XP level 4. HP: 6/28 MP: 4/4
  2555 | D:3      | Reached XP level 5. HP: 26/32 MP: 5/5
  2888 | D:3      | Found a hazy altar of Hepliaklqana.
  3039 | D:3      | Found Gekunoem's Weapon Shop.
  3190 | D:3      | Found a shimmering altar of Xom.
  3409 | D:4      | Noticed Menkaure
  3417 | D:4      | Killed Menkaure
  3418 | D:4      | Reached skill level 4 in Shields
  3418 | D:4      | Reached XP level 6. HP: 20/38 MP: 6/6
  3619 | D:4      | Reached skill level 1 in Dodging
  3823 | D:4      | Found a shadowy altar of Dithmenos.
  3856 | D:4      | Found an ornate altar of the Wu Jian Council.
  4076 | D:4      | Found a staircase to the Ecumenical Temple.
  4086 | Temple   | Entered the Ecumenical Temple
  4095 | Temple   | Became a worshipper of Warmaster Okawaru
  4194 | D:4      | Identified the +7 falchion of Success {flame, rPois rCorr
                  | Dex+2}
  4497 | D:5      | Entered Level 5 of the Dungeon
  4575 | D:5      | Noticed Eustachio
  4590 | D:5      | Killed Eustachio
  4590 | D:5      | Reached * piety under Okawaru
  4591 | D:5      | Reached skill level 5 in Maces & Flails
  4591 | D:5      | Reached XP level 7. HP: 31/43 MP: 7/7
  4762 | D:5      | Reached skill level 1 in Long Blades
  4762 | D:5      | Reached skill level 5 in Armour
  4762 | D:5      | Reached skill level 5 in Shields
  4910 | D:5      | Found a blossoming altar of Fedhas.
  5009 | D:5      | Found an ancient bone altar of Kikubaaqudgha.
  5010 | D:5      | Found a white marble altar of Elyvilon.
  5880 | D:6      | Reached XP level 8. HP: 41/48 MP: 8/8
  5961 | D:6      | Reached skill level 6 in Shields
  6178 | D:6      | Reached ** piety under Okawaru
  6250 | D:6      | Found a transporter.
  6258 | D:6      | Noticed a kobold demonologist
  6403 | D:6      | Found a transporter.
  6517 | D:6      | Identified the +2 cloak of Repulsion {Will++ Dex+2}
  7133 | D:6      | Noticed a red devil
  7136 | D:6      | HP: 1/48 [orc priest/divine providence (14)]
  7569 | D:7      | Reached skill level 1 in Stealth
  8069 | D:7      | Reached skill level 1 in Throwing
  8136 | D:7      | Reached skill level 5 in Fighting
  8148 | D:7      | Reached skill level 7 in Shields
  8888 | D:8      | Noticed a yak
  8888 | D:8      | Noticed a yak
  8892 | D:8      | Noticed a yak
  8894 | D:8      | Noticed a yak
  8914 | D:7      | Killed a yak
  8915 | D:7      | Reached XP level 9. HP: 37/54 MP: 9/9
  9141 | D:8      | Found a runed translucent gate.
  9169 | D:8      | Killed from afar by an orc priest

Illustrated notes

Levels and vault maps discovered:
D:1:      lemuel_arrival_cross, layout_basic, ebering_ecumenical_altar_ruins,
          serial_shops, shop
D:2:      layout_basic, uniq_robin
D:3:      layout_loops_ring, nicolae_overflow_hidden_temple, lemuel_tele_altar,
          serial_shops, shop, minmay_diced_spiral
D:4:      minmay_door_path, layout_loops_ring, minitemple,
          minmay_temple_entry_fiery, uniq_menkaure
D:5:      layout_basic, mainiacjoe_overflow_divided_tiny,
          mainiacjoe_overflow_paths, hangedman_decor_slide_cut, uniq_eustachio
D:6:      gammafunk_wand_slinger, layout_basic, lexackson_kobold_supper
D:7:      layout_layer_cave
D:8:      layout_basic, evilmike_ruin_ashenzari, gammafunk_ghost_icy,
          minmay_between
Temple:   nicolae_temple_x_marks_the_god

Skill      XL: |  1  2  3  4  5  6  7  8  9 |
---------------+----------------------------+-----
Maces & Flails | 3 4 5 |  5.0
Armour         | 4 5 6 |  6.4
Shields        | 4 5 7 |  7.2
Dodging        | 1 2 |  2.1
Fighting       | 4 5 |  5.5
Long Blades    | 1 3 4 |  4.4
Stealth        | 1 |  1.0
Throwing       | 1 |  1.4

Action                   |  1- 3 |  4- 6 |  7- 9 || total
-------------------------+-------+-------+-------++-------
Melee: Flail             |   122 |   176 |       ||   298
       Falchion          |       |    13 |   289 ||   302
Throw: Stone             |    12 |    18 |    16 ||    46
       Dart              |       |       |    10 ||    10
  Use: Potion            |       |     2 |     3 ||     5
       Scroll            |       |     5 |     1 ||     6
Armor: Scale mail        |    76 |   117 |    62 ||   255
       Skin              |       |     8 |       ||     8
       Ring mail         |       |       |    62 ||    62
       Quicksilver drago |       |       |    11 ||    11
Dodge: Dodged            |    59 |    53 |    73 ||   185
Block: Buckler           |    30 |     6 |       ||    36
       Tower shield      |       |   130 |   189 ||   319
